 Dungeon Crawl Stone Soup version 0.31-a0-816-gd61d57ddb1 (webtiles) character file.

Game seed: 1348868256210474571

546 Essalna the Conjurer (level 7, 51/51 HPs)
             Began as a Demonspawn Conjurer on Sept 22, 2023.
             Was a Follower of Vehumet.
             Got out of the dungeon alive.
             The game lasted 00:05:35 (3890 turns).

Essalna the Conjurer (Demonspawn Conjurer)          Turns: 3890, Time: 00:05:35

Health: 51/51      AC:  5    Str: 14    XL:     7   Next: 6%
Magic:  14/14      EV: 12    Int: 21    God:    Vehumet [*.....]
Gold:   207        SH:  0    Dex: 11    Spells: 12/15 levels left

rFire   . . .        g - +1 short sword (venom)
rCold   . . .        (no shield)
rNeg    + . .        a - +0 robe
rPois   .            (no helmet)
rElec   .            (no cloak)
rCorr   .            p - +0 pair of gloves
SInv    .            (no boots)
Will    .....        (no amulet)
Stlth   ++           n - ring of positive energy
HPRegen 0.28/turn    t - +6 ring of strength
MPRegen 0.14/turn

%: no passive effects
@: no status effects
A: claws 1, molten scales 1, ignite blood 1
a: Renounce Religion


You escaped.
You worshipped Vehumet.
Vehumet was aware of your devotion.
You visited 1 branch of the dungeon, and saw 4 of its levels.

You collected 207 gold pieces.

Inventory:

Hand Weapons
 e - a +0 dagger
 g - a +1 short sword of venom (weapon)
Armour
 a - a +0 robe (worn)
 p - a +0 pair of gloves (worn)
Jewellery
 n - a ring of positive energy (left hand)
 t - a +6 ring of strength (right hand)
 u - a ring of flight
Wands
 w - a wand of acid (8)
Scrolls
 f - a scroll of immolation {unknown}
 h - 2 scrolls of fear {unknown}
 j - a scroll of poison {unknown}
 k - a scroll of enchant weapon {unknown}
 l - a scroll of amnesia {unknown}
 m - 2 scrolls of noise {unknown}
 o - 2 scrolls of teleportation {unknown}
 r - a scroll of brand weapon {unknown}
 s - 2 scrolls of identify {unknown}
 x - a scroll of vulnerability {unknown}
 y - a scroll of acquirement {unknown}
Potions
 b - a potion of magic
 c - 2 potions of brilliance {unknown}
 d - 5 potions of curing {unknown}
 i - a potion of cancellation {unknown}
 q - a potion of attraction {unknown}
 v - a potion of might {unknown}


   Skills:
 + Level 2.5 Fighting
 - Level 1.7 Dodging
 - Level 1.7 Stealth
 + Level 4.8 Spellcasting
 + Level 6.3 Conjurations


You had 12 spell levels left.
You knew the following spells:

 Your Spells              Type           Power      Damage    Failure   Level
a - Magic Dart            Conj           100%       1d8       1%          1
b - Searing Ray           Conj           62%        2d6       1%          2

Your spell library contained the following spells:

 Spells                   Type           Power      Damage    Failure   Level
 Foxfire                  Conj/Fire      72%        2x1d7     3%          1
 Dazzling Flash           Conj/Hex       36%        N/A       9%          3
 Hailstorm                Conj/Ice       18%        3d6       9%          3
 Freeze                   Ice            20%        1d4       11%         1
 Mephitic Cloud           Conj/Pois/Air  13%        N/A       14%         3
 Call Imp                 Summ           10%        N/A       17%         2
 Poisonous Vapours        Pois/Air       10%        N/A       17%         2
 Fulminant Prism          Conj/Hex       9%         3d7       30%         4
 Iskenderun's Mystic Bla  Conj/Tloc      18%        2d6       30%         4
 Frozen Ramparts          Ice            10%        1d2       32%         3
 Ozocubu's Armour         Ice            5%         N/A       32%         3
 Freezing Cloud           Conj/Ice/Air   6%         6-21      78%         5
 Ozocubu's Refrigeration  Ice            2%         4d8       100%        7


Dungeon Overview and Level Annotations

Branches:
Dungeon (4/15)             Temple (0/1) D:4

Altars:
Hepliaklqana
Ru
Vehumet

Shops:
D:4 *


Innate Abilities, Weirdness & Mutations

You have sharp fingernails.
You are partially covered in molten scales. (AC +2)
Your demonic aura sometimes causes spilled blood to erupt in flames.


Message History

The phantom is moderately damaged.
A phantom is nearby!
Casting: Magic Dart (safe; 1% risk of failure)
Confirm with . or Enter, or press ? or * to list all spells.
Aiming: Searing Ray (safe; 1% risk of failure)
Press: ? - help, Shift-Dir - straight line, f/p - phantom
Aim: a phantom (moderately damaged, 71% to hit)
The searing ray hits the phantom.
The phantom is heavily damaged.
The searing ray hits the endoplasm!
You kill the endoplasm!
Vehumet accepts your kill. (Press . to maintain the ray.)
The searing ray hits the phantom.
The phantom is severely damaged.
The searing ray hits the phantom.
The phantom is almost destroyed.
The phantom hits you.
The phantom blinks!
You blink.
A phantom is nearby!
The magic dart hits the phantom.
The phantom is almost destroyed.
The phantom hits you.
The phantom blinks!
You blink.
The magic dart hits the phantom.
You destroy the phantom!
Vehumet accepts your kill.
You have reached level 7!
Your demonic ancestry asserts itself...
Your fingernails lengthen.
You now have 207 gold pieces (gained 16).
Found a stone staircase leading down.
There is an escape hatch in the ceiling here.
A mysterious force pulls you upwards. The hatch slams shut behind you.
There is a stone staircase leading up here.
You climb upwards.
There is a stone staircase leading down here.
There is a stone staircase leading up here.
You climb upwards.
There is a stone staircase leading down here.
There is a staircase leading out of the dungeon here.
You have escaped!

#.......#######............#
#.....##.......##........#.#
#....#...........#.......#.#
####...#.............#......#.#
..##..#..............#........#
#...#.#...............#.......#
####.#..........#.....#.....#.# #
#.#........##......#.....#.#
####.#......#...@....#....).#.##
..##.#.......##....##.......#..#
...#.#.........####.........#♣.♣♣
.....#...[...................♣.PP
##..#.......................#♣.♣P
###........................#♣P..
###..........................♣♣)P
.............................###.
###########....###.##....##### #.


There were no monsters in sight!

Vanquished Creatures
  A water moccasin (D:4)
  An ogre (D:3)
  A phantom (D:4)
  A scorpion (D:4)
  2 orc wizards (D:3)
  3 gnolls (D:4)
  5 adders
  An adder skeleton (D:2)
  A worm (D:4)
  7 orcs (D:3)
  6 ball pythons
  7 bats
  A bat zombie (D:2)
  8 endoplasms
  A giant cockroach (D:2)
  4 hobgoblins
  4 jackals (D:3)
  6 quokkas
  A frilled lizard (D:1)
  10 goblins
  13 kobolds
  6 rats
90 creatures vanquished.

Notes
Turn   | Place    | Note
-------+----------+-------------------------------------------
     0 | D:1      | Essalna the Demonspawn Conjurer began the quest for the
                  | Orb.
     0 | D:1      | Reached XP level 1. HP: 13/13 MP: 3/3
   165 | D:1      | Gained mutation: Your demonic aura sometimes causes spilled
                  | blood to erupt in flames. [demonic ancestry]
   165 | D:1      | Reached XP level 2. HP: 13/19 MP: 0/5
   823 | D:2      | Reached XP level 3. HP: 24/24 MP: 0/7
  1563 | D:2      | Learned a level 2 spell: Searing Ray
  1775 | D:3      | Reached XP level 4. HP: 24/30 MP: 2/8
  1782 | D:3      | Reached skill level 5 in Conjurations
  1901 | D:3      | Found a sacrificial altar of Ru.
  2031 | D:3      | Found a radiant altar of Vehumet.
  2059 | D:3      | Became a worshipper of Vehumet
  2096 | D:3      | Noticed an ogre
  2100 | D:3      | Killed an ogre
  2101 | D:3      | Reached XP level 5. HP: 35/35 MP: 4/11
  2217 | D:3      | Found a faded altar of an unknown god.
  2979 | D:3      | Found a hazy altar of Hepliaklqana.
  3056 | D:4      | Reached skill level 1 in Fighting
  3056 | D:4      | Gained mutation: You are partially covered in molten
                  | scales. (AC +2) [demonic ancestry]
  3056 | D:4      | Reached XP level 6. HP: 36/43 MP: 8/12
  3181 | D:4      | Reached * piety under Vehumet
  3181 | D:4      | Offered knowledge of Foxfire by Vehumet.
  3277 | D:4      | Found Lieheamp's Serpentskin Sales.
  3277 | D:4      | Noticed a water moccasin
  3284 | D:4      | Killed a water moccasin
  3285 | D:4      | Reached skill level 6 in Conjurations
  3632 | D:4      | Found a staircase to the Ecumenical Temple.
  3726 | D:4      | Gained mutation: You have sharp fingernails. [demonic
                  | ancestry]
  3726 | D:4      | Reached XP level 7. HP: 45/51 MP: 6/14
  3890 | D:$      | Got out of the dungeon alive.

Illustrated notes

Levels and vault maps discovered:
D:1:      dpeg_arrival_solitude, layout_rooms, serial_forest,
          infiniplex_forest_clump_double, infiniplex_forest_clump_long,
          infiniplex_forest_clump_medium, infiniplex_forest_clump_small,
          infiniplex_forest_corner_1, minmay_tetromino_l2
D:2:      layout_loops_ring, serial_undead, serial_undead_b, serial_undead_f,
          serial_undead_f, serial_undead_f, minmay_between
D:3:      layout_loops_ring, nicolae_hepliaklqana_hippocampus,
          nicolae_ru_great_annihilating_truth, vehumet_crystals,
          shapermc_ecumenical_altar_mp_urbaneastern, serial_park_tiny_1
D:4:      layout_rooms, minmay_temple_entry_offerings, abandoned_shop,
          guppyfry_shop_venom

Skill      XL: |  1  2  3  4  5  6 |
---------------+-------------------+-----
Spellcasting   | 3 4 |  4.8
Conjurations   | 5 6 |  6.3
Fighting       | 1 2 |  2.5
Dodging        | |  1.7
Stealth        | |  1.7

Action                     |  1- 3 |  4- 6 |  7- 9 || total
---------------------------+-------+-------+-------++-------
  Melee: Dagger            |    29 |       |       ||    29
         Unarmed           |     1 |       |       ||     1
         Short sword       |    10 |    29 |       ||    39
   Cast: Magic Dart        |    64 |    76 |       ||   140
         Searing Ray       |     1 |     6 |       ||     7
 Armour: Robe              |    17 |    26 |       ||    43
  Dodge: Dodged            |    22 |    27 |       ||    49

Table legend: (Time is in decaauts)
 A = Elapsed time spent in this place.
 B = Non-inter-level travel time spent in this place.
 C = Inter-level travel time spent in this place.
 D = Time resting spent in this place.
 E = Time spent auto-exploring this place.
 F = Levels seen in this place.
 G = Mean time per level.
                   A        B        C        D        E       F      G
               +--------+--------+--------+--------+--------+-----+--------+
         Total |   3889 |   3746 |    143 |      0 |   3296 |   4 |  972.2 |
       Dungeon |   3889 |   3746 |    143 |      0 |   3296 |   4 |  972.2 |
               +--------+--------+--------+--------+--------+-----+--------+

Top non-repeatable levels by time:
     D:3: 1278 daAuts
     D:2: 1000 daAuts
     D:1: 808 daAuts
     D:4: 802 daAuts
